 Dungeon Crawl Stone Soup version 0.27-a0-972-gd1521fd518 (webtiles) character file.

Game seed: 15672468614659886302

11 Alarkh the Insei (level 2, 18/21 HPs)
             Began as a Demonspawn Transmuter on Apr 13, 2021.
             Got out of the dungeon alive.
             The game lasted 00:00:23 (341 turns).

Alarkh the Insei (Demonspawn Transmuter)             Turns: 341, Time: 00:00:24

Health: 18/21      AC:  2    Str: 10    XL:     2   Next: 13%
Magic:  5/5        EV: 12    Int: 14    God:
Gold:   21         SH:  0    Dex: 13    Spells: 4/5 levels left

rFire    . . .     SeeInvis .     - Unarmed
rCold    . . .     Faith    .   (no shield)
rNeg     . . .     Spirit   .   a - +0 robe
rPois    .         Reflect  .   (no helmet)
rElec    .         Harm     .   (no cloak)
rCorr    .         Rampage  .   (no gloves)
Will     .....                  (no boots)
Stlth    +.........             (no amulet)
HPRegen  0.07/turn              (no ring)
MPRegen  0.18/turn              (no ring)

@: no status effects
A: magic regeneration
a: no special abilities


You escaped.
You visited 1 branch of the dungeon, and saw 1 of its levels.

You collected 21 gold pieces.

Inventory:

Armour
 a - a +0 robe (worn)
Scrolls
 b - a scroll of teleportation {unknown}


   Skills:
 + Level 1.2 Fighting
 - Level 1.7 Dodging
 * Level 3.0 Unarmed Combat
 + Level 2.1 Spellcasting
 + Level 2.0 Transmutations


You had 4 spell levels left.
You knew the following spells:

 Your Spells              Type           Power      Damage    Failure   Level
a - Beastly Appendage     Tmut           14%        N/A       11%         1

Your spell library contained the following spells:

 Spells                   Type           Power      Damage    Failure   Level
 Wereblood                Tmut           7%         N/A       16%         2
 Spider Form              Tmut/Pois      2%         N/A       43%         3
 Ice Form                 Ice/Tmut       4%         N/A       83%         4
 Hydra Form               Tmut           3%         N/A       96%         5


Dungeon Overview and Level Annotations

Branches:
Dungeon (1/15)

Altars:


Innate Abilities, Weirdness & Mutations

You regenerate magic rapidly.


Message History

The ball python bites you but does no damage.
The ball python constricts you.
You hit the ball python. You claw the ball python.
You kill the ball python!
The ball python bites you. The ball python barely misses you.
You have reached level 2!
Your demonic ancestry asserts itself...
Your magic begins to regenerate rapidly.
You closely miss the ball python. Your kick misses the ball python.
The ball python closely misses you. The ball python grabs you.
The ball python constricts you.
You hit the ball python.
You kill the ball python!
You barely miss the ball python. Your kick misses the ball python.
The ball python bites you but does no damage.
The ball python barely misses you.
You barely miss the ball python. The ball python barely misses you.
The ball python completely misses you.
You hit the ball python.
You kill the ball python!
Your Unarmed Combat skill increases to level 3!
Your Transmutations skill increases to level 2!
No target in view!
No target in view!
No target in view!
No target in view!
No target in view!
No target in view!
No target in view!
No target in view!
No target in view!
No target in view!
No target in view!
No target in view!
Found 21 stones.
Unknown command.
Your horns disappear.
Your talons disappear.
There is a staircase leading out of the dungeon here.
Are you sure you want to leave the Dungeon?
This will make you lose the game!
You have escaped!

#...#..........#...
#######.#######.....#...
#≈≈#.......#≈≈#..#..##.#
#≈#.........#≈#..#).##.#
##...........##..#..##.#
#.............#........#
#.............##..#..###
#.............#.#...(...
.......@.........#...###
#.............#.#....#
#.............##....##
#.............#....##
##...........##......
#≈#.........#≈#...####
#≈≈#.......#≈≈#....
######.####### ...#


There were no monsters in sight!

Vanquished Creatures
  An endoplasm (D:1)
  A hobgoblin (D:1)
  6 ball pythons (D:1)
  2 goblins (D:1)
10 creatures vanquished.

Vanquished Creatures (others)
  A plant (D:1)
1 creature vanquished.

Grand Total: 11 creatures vanquished

Notes
Turn   | Place    | Note
-------+----------+-------------------------------------------
     0 | D:1      | Alarkh the Demonspawn Transmuter began the quest for the
                  | Orb.
     0 | D:1      | Reached XP level 1. HP: 15/15 MP: 3/3
   309 | D:1      | Gained mutation: You regenerate magic rapidly. [demonic
                  | ancestry]
   309 | D:1      | Reached XP level 2. HP: 17/21 MP: 3/5
   314 | D:1      | Reached skill level 3 in Unarmed Combat
   341 | D:$      | Got out of the dungeon alive.

Illustrated notes

Levels and vault maps discovered:
D:1:      psy_arrival_dodecagon, layout_basic,
          hellmonk_ecumenical_altar_run_dry, minmay_shallow_snake_nest

Skill      XL: |  1  2 |
---------------+-------+-----
Unarmed Combat | 3 |  3.0
Transmutations | 2 |  2.0
Fighting       | |  1.2
Dodging        | |  1.7
Spellcasting   | |  2.1

Action                   || total
-------------------------++-------
Melee: Unarmed           ||    28
       Kick              ||     3
       Headbutt          ||     2
 Cast: Beastly Appendage ||     4
Armor: Robe              ||     3
Dodge: Dodged            ||    16

Table legend: (Time is in decaauts)
 A = Elapsed time spent in this place.
 B = Non-inter-level travel time spent in this place.
 C = Inter-level travel time spent in this place.
 D = Time resting spent in this place.
 E = Time spent auto-exploring this place.
 F = Levels seen in this place.
 G = Mean time per level.
                   A        B        C        D        E       F      G
               +--------+--------+--------+--------+--------+-----+--------+
         Total |    339 |    314 |     25 |      6 |    259 |   1 |  339.0 |
       Dungeon |    339 |    314 |     25 |      6 |    259 |   1 |  339.0 |
               +--------+--------+--------+--------+--------+-----+--------+

Top non-repeatable levels by time:
     D:1: 339 daAuts
